 Dungeon Crawl Stone Soup version 0.22.1-2-g9c5b331 (webtiles) character file.

4165 Lilu the Destroyer (level 10, 0/51 HPs)
             Began as a Deep Elf Conjurer on Nov 15, 2018.
             Was a Priest of Vehumet.
             Slain by a small abomination (7 damage)
             ... on level 2 of the Abyss.
             The game lasted 00:26:44 (8575 turns).

Lilu the Destroyer (Deep Elf Conjurer)              Turns: 8575, Time: 00:26:45

Health: 0/51       AC:  8    Str:  5    XL:     10   Next: 7%
Magic:  19/26      EV: 15    Int: 24    God:    Vehumet [***...]
Gold:   751        SH:  0    Dex: 15    Spells: 17/30 levels left

rFire    + . .     SeeInvis .   H - +2 trident (freeze)
rCold    . . .     Gourm    .   (no shield)
rNeg     . . .     Faith    .   F - +3 leather armour {rF+}
rPois    +         Spirit   .   (no helmet)
rElec    .         Reflect  .   P - +1 cloak
rCorr    .         Harm     .   (no gloves)
MR       +....                  (no boots)
Stlth    ++........             o - amulet of magic regeneration
HPRegen  0.17/turn              b - ring of poison resistance
MPRegen  0.45/turn              y - +2 ring of slaying

@: no status effects
A: no striking features
a: Renounce Religion


You were on level 2 of the Abyss.
You worshipped Vehumet.
Vehumet was most pleased with you.
You were very hungry.

You visited 1 branch of the dungeon, and saw 8 of its levels.
You visited the Abyss 1 time.
You also visited: Ossuary.

You collected 751 gold pieces.

Inventory:

Hand Weapons
 D - a +3 mace of protection
 H - a +2 trident of freezing (weapon)
Missiles
 a - 10 tomahawks of returning
 d - 204 stones (quivered)
 j - 171 arrows
 k - 18 poisoned needles
 s - 15 tomahawks
 t - 16 bolts
 I - 4 poisoned tomahawks
 J - 6 needles of confusion
Armour
 F - a +3 leather armour of fire resistance (worn)
 L - a +1 robe of cold resistance
 P - a +1 cloak (worn)
Jewellery
 b - a ring of poison resistance (left hand)
 o - an amulet of magic regeneration (around neck)
 y - a +2 ring of slaying (right hand)
 E - an uncursed amulet of guardian spirit
 N - an uncursed ring of wizardry {unknown}
Scrolls
 g - 4 scrolls of identify
 h - 7 scrolls of teleportation
 i - 3 scrolls of amnesia {unknown}
 n - 2 scrolls of fog {unknown}
 q - a scroll of enchant weapon {unknown}
 r - a scroll of blinking {unknown}
 v - a scroll of random uselessness {unknown}
 w - 3 scrolls of magic mapping {unknown}
 x - 4 scrolls of remove curse
 A - 3 scrolls of enchant armour
 K - a scroll of immolation {unknown}
 M - a scroll of brand weapon {unknown}
 O - a scroll of summoning {unknown}
Potions
 e - a potion of might {unknown}
 f - 3 potions of lignification
 l - 5 potions of curing
 m - 2 potions of flight {unknown}
 u - a potion of haste {unknown}
 z - a potion of brilliance {unknown}
 B - a potion of invisibility {unknown}
 G - a potion of magic {unknown}
Comestibles
 c - 5 rations


   Skills:
 + Level 0.5 Fighting
 * Level 7.4 Dodging
 - Level 2.4 Stealth
 + Level 10.5 Spellcasting
 - Level 12.0 Conjurations
 * Level 1.4 Fire Magic
 * Level 1.2 Air Magic
 * Level 1.3 Poison Magic


You had 17 spell levels left.
You knew the following spells:

 Your Spells              Type           Power        Failure   Level  Hunger
a - Magic Dart            Conj           ####         1%          1    None
b - Searing Ray           Conj           ######       1%          2    None
c - Iskenderun's Mystic   Conj           ######..     1%          4    None
d - Mephitic Cloud        Conj/Pois/Air  #####...     1%          3    None
e - Conjure Flame         Conj/Fire      #####...     1%          3    None

Your spell library contained the following spells:

 Spells                   Type           Power        Failure   Level  Hunger
 Flame Tongue             Conj/Fire      #####        1%          1    None
 Throw Frost              Conj/Ice       #####.       1%          2    None
 Dazzling Spray           Conj/Hex       #####.       1%          3    None
 Force Lance              Conj/Tloc      #####...     1%          4    None
 Fulminant Prism          Conj/Hex       #####.....   1%          4    None
 Throw Icicle             Conj/Ice       #####...     1%          4    None
 Bolt of Magma            Conj/Fire/Erth ####......   11%         5    ####...
 Ignition                 Fire           ###.......   100%        8    #######


Dungeon Overview and Level Annotations

Branches:
Dungeon (8/15)             Temple (0/1) D:6
   Lair: D:8-11

Altars:
Ashenzari
Fedhas
Hepliaklqana
Ru
Sif Muna
Trog
Vehumet
Wu Jian

Shops:
D:4 *

Annotations:
D:7 Psyche


Message History

The small abomination hits you but does no damage.
You feel better. The small abomination hits you.
* * * LOW HITPOINT WARNING * * *
An iron imp comes into view.
Casting: Searing Ray (safe; 1% risk of failure)
Confirm with . or Enter, or press ? or * to list all spells.
Aiming: Searing Ray (safe; 1% risk of failure)
Press: ? - help, Shift-Dir - straight line, f/p - small abomination
Aim: a small abomination (heavily damaged)
The searing ray hits the small abomination.
The small abomination is heavily damaged. (Press . to maintain the ray.)
The iron imp shouts!
The small abomination hits you but does no damage.
The searing ray hits the small abomination.
The small abomination is heavily damaged.
The small abomination hits you!
* * * LOW HITPOINT WARNING * * *
The small abomination hits you!
You die...

... .. .5 .
.#
######.##..#
#....ยง.....#
# #x@# ####


You could see a small abomination and an iron imp.

Vanquished Creatures
  Pikel (D:4)
  Grinder (D:5)
  A hippogriff (D:7)
  5 yaks
  Eustachio (D:4)
  A small abomination (Abyss:2)
  A large abomination (Abyss:2)
  2 phantoms
  A slave (D:4)
  2 ice beasts (D:6)
  A black bear (D:6)
  3 ogres
  2 centaurs
  An elf zombie (Ossuary)
  2 scorpions
  5 killer bees (D:7)
  A crimson imp (D:7)
  A quasit (D:7)
  2 hounds
  2 jellies
  A bullfrog skeleton (D:5)
  7 orc wizards
  7 orc priests
  Crazy Yiuf (D:5)
  2 worker ants
  An iguana (D:4)
  A hound skeleton (D:4)
  3 mummies
  A worker ant zombie (D:6)
  A gnoll (D:5)
  7 adders
  A howler monkey skeleton (D:7)
  2 oozes
  An adder zombie (D:5)
  2 worms
  2 dart slugs (D:3)
  2 leopard geckos (D:1)
  25 orcs
  4 bats
  3 giant cockroaches
  7 goblins
  7 hobgoblins
  6 jackals
  4 kobolds
  A quokka (D:6)
  14 frilled lizards
  5 gnoll zombies (Ossuary)
  3 goblin zombies (Ossuary)
  4 hobgoblin zombies (Ossuary)
  2 kobold zombies (D:6)
  A leopard gecko skeleton (D:4)
  A leopard gecko zombie (D:6)
  An orc zombie (Ossuary)
  A quokka skeleton (D:4)
  A quokka zombie (D:6)
  5 rats
173 creatures vanquished.

Vanquished Creatures (others)
  A slave (D:5)
  An orc wizard (D:5)
  2 gnolls (D:5)
  An orc (D:5)
5 creatures vanquished.

Grand Total: 178 creatures vanquished

Notes
Turn   | Place    | Note
-------+----------+-------------------------------------------
     0 | D:1      | Lilu the Deep Elf Conjurer began the quest for the Orb.
     0 | D:1      | Reached XP level 1. HP: 10/10 MP: 6/6
   339 | D:1      | Reached XP level 2. HP: 15/15 MP: 4/8
   441 | D:1      | Learned a level 2 spell: Searing Ray
   594 | D:1      | Reached skill level 5 in Conjurations
   750 | D:1      | Reached XP level 3. HP: 18/19 MP: 2/10
  1952 | D:3      | Reached XP level 4. HP: 14/24 MP: 6/12
  2312 | D:3      | Found a deep blue altar of Sif Muna.
  2326 | D:3      | Reached skill level 6 in Conjurations
  2329 | D:3      | Reached XP level 5. HP: 5/28 MP: 7/14
  2698 | D:3      | Found a radiant altar of Vehumet.
  2707 | D:3      | Became a worshipper of Vehumet
  2726 | D:3      | Learned a level 4 spell: Iskenderun's Mystic Blast
  2823 | D:4      | Noticed Eustachio
  2846 | D:4      | Killed Eustachio
  2846 | D:4      | Reached skill level 5 in Spellcasting
  2846 | D:4      | Reached skill level 7 in Conjurations
  2846 | D:4      | Reached XP level 6. HP: 27/32 MP: 8/16
  2936 | D:4      | Found Erahis's Assorted Antiques.
  3441 | D:4      | Found a blossoming altar of Fedhas.
  3519 | D:4      | Reached * piety under Vehumet
  3519 | D:4      | Offered knowledge of Freeze by Vehumet.
  3543 | D:4      | Found a bloodstained altar of Trog.
  3590 | D:5      | Entered Level 5 of the Dungeon
  3796 | D:5      | Noticed Pikel
  3796 | D:5      | Noticed a slave
  3796 | D:5      | Noticed a slave
  3797 | D:5      | Noticed a slave
  3798 | D:5      | Noticed a slave
  3803 | D:5      | Reached skill level 8 in Conjurations
  3803 | D:5      | Reached XP level 7. HP: 36/36 MP: 10/18
  3839 | D:4      | Killed Pikel
  3839 | D:4      | Reached skill level 9 in Conjurations
  4160 | D:5      | Reached XP level 8. HP: 41/41 MP: 18/21
  4624 | D:5      | Noticed Grinder
  4632 | D:5      | Killed Grinder
  4632 | D:5      | Reached skill level 10 in Conjurations
  4992 | D:5      | Found a runed door.
  4996 | D:5      | Noticed Crazy Yiuf
  4999 | D:5      | Killed Crazy Yiuf
  5051 | D:6      | Found an ornate altar of the Wu Jian Council.
  5061 | D:6      | Found a hazy altar of Hepliaklqana.
  5071 | D:6      | Found a staircase to the Ecumenical Temple.
  5269 | D:6      | Reached ** piety under Vehumet
  5302 | D:6      | Offered knowledge of Shock by Vehumet.
  5324 | D:6      | Found a sand-covered staircase.
  5336 | Ossuary  | Entered an ossuary
  5744 | D:6      | Offered knowledge of Mephitic Cloud by Vehumet.
  5744 | D:6      | Reached skill level 5 in Dodging
  5744 | D:6      | Reached XP level 9. HP: 45/45 MP: 18/24
  6003 | D:6      | Found a shattered altar of Ashenzari.
  6003 | D:6      | Found a sacrificial altar of Ru.
  6148 | D:6      | Reached skill level 11 in Conjurations
  6861 | D:7      | Learned a level 3 spell: Mephitic Cloud
  7209 | D:7      | Reached *** piety under Vehumet
  7286 | D:7      | Reached skill level 10 in Spellcasting
  7436 | D:7      | Reached skill level 12 in Conjurations
  7600 | D:7      | Offered knowledge of Conjure Flame by Vehumet.
  7605 | D:7      | Learned a level 3 spell: Conjure Flame
  7838 | D:7      | Identified the Tome of Fiery Cold
  8057 | D:8      | Noticed a manticore
  8110 | D:8      | Reached XP level 10. HP: 50/50 MP: 23/26
  8216 | D:8      | Noticed Psyche
  8226 | D:7      | Reached skill level 1 in Fire Magic
  8228 | D:7      | Cast into level 2 of the Abyss (Psyche)
  8380 | Abyss:2  | Reached skill level 1 in Air Magic
  8380 | Abyss:2  | Reached skill level 1 in Poison Magic
  8386 | Abyss:2  | Noticed a wretched star
  8575 | Abyss:2  | Slain by a small abomination

Skill      XL: |  1  2  3  4  5  6  7  8  9 10 |
---------------+-------------------------------+-----
Conjurations   | 5 6 7 8 9 10 12 | 12.0
Spellcasting   | 4 5 6 7 9 10 | 10.5
Dodging        | 5 7 |  7.4
Fire Magic     | 1 |  1.4
Air Magic      | 1 |  1.2
Poison Magic   | 1 |  1.3
Fighting       | |  0.5
Stealth        | |  2.4

Action                   |  1- 3 |  4- 6 |  7- 9 | 10-12 || total
-------------------------+-------+-------+-------+-------++-------
Melee: Mace              |       |     4 |     7 |       ||    11
 Cast: Magic Dart        |    73 |    29 |    54 |       ||   156
       Searing Ray       |     4 |    18 |    80 |    11 ||   113
       Mephitic Cloud    |       |       |     2 |       ||     2
       Conjure Flame     |       |       |       |     1 ||     1
  Use: Scroll            |       |       |     7 |       ||     7
       Potion            |       |       |       |     4 ||     4
  Eat: Chunk             |     2 |     7 |     6 |       ||    15
       Ration            |       |       |     2 |       ||     2
Armor: Leather armour    |       |     8 |    25 |    11 ||    44
Dodge: Dodged            |     1 |    14 |    86 |    23 ||   124
